 Dungeon Crawl Stone Soup version 0.23.2-1-ga50397a (webtiles) character file.

Game seed: 11224609731653420901

108 Fang the Skirmisher (level 4, 0/29 HPs)
             Began as a Gargoyle Berserker on May 17, 2019.
             Was a Believer of Trog.
             Slain by a gnoll
             ... wielding a +0 spear
              (5 damage)
             ... on level 3 of the Dungeon.
             The game lasted 00:02:07 (1578 turns).

Fang the Skirmisher (Gargoyle Berserker)            Turns: 1578, Time: 00:02:08

Health: 0/29       AC:  7    Str: 22    XL:     4   Next: 87%
Magic:  13/13      EV: 12    Int:  7    God:    Trog [**....]
Gold:   122        SH:  0    Dex:  9    Spells: 3/3 levels left

rFire    . . .     SeeInvis .   a - +0 hand axe
rCold    . . .     Gourm    .   (no shield)
rNeg     + . .     Faith    .   b - +0 animal skin
rPois    ∞         Spirit   .   m - +2 hat
rElec    +         Reflect  .   (no cloak)
rCorr    .         Harm     .   (no gloves)
MR       .....                  (no boots)
Stlth    +.........             (no amulet)
HPRegen  0.09/turn              e - ring of magical power
MPRegen  0.13/turn              (no ring)

@: berserk cooldown, slowed, very slow
A: negative energy resistance 1, electricity resistance, unbreathing,
petrification resistance, rot immunity, AC +3
a: Berserk, Trog's Hand, Renounce Religion


You were on level 3 of the Dungeon.
You worshipped Trog.
Trog was pleased with you.
You were very hungry.

You visited 1 branch of the dungeon, and saw 3 of its levels.

You collected 122 gold pieces.

Inventory:

Hand Weapons
 a - a +0 hand axe (weapon)
Armour
 b - a +0 animal skin (worn)
 m - a +2 hat (worn)
Jewellery
 e - a ring of magical power (left hand)
Wands
 o - a wand of digging (3)
Scrolls
 f - a scroll of immolation {unknown}
 g - a scroll of noise {unknown}
 h - a scroll of teleportation {unknown}
 j - 4 scrolls of identify {unknown}
 k - a scroll of fear {unknown}
 l - a scroll of enchant weapon {unknown}
 n - 8 scrolls of remove curse {unknown}
Potions
 d - 2 potions of mutation {unknown}
 i - a potion of curing {unknown}
 q - a potion of heal wounds {unknown}
Comestibles
 c - 5 rations
 p - 7 chunks of flesh


   Skills:
 + Level 4.1 Fighting
 + Level 3.3 Axes
 + Level 3.2 Armour
 + Level 2.3 Dodging


You had 3 spell levels left.
You didn't know any spells.
Your spell library was empty.

Dungeon Overview and Level Annotations

Branches:
Dungeon (3/15)

Altars:
Cheibriados


Innate Abilities, Weirdness & Mutations

You are resistant to torment.
Your stone body is resilient. (AC +3)
You are immune to poison.
You resist negative energy. (rN+)
You are resistant to electric shocks. (rElec)
You can survive without breathing.
You are immune to petrification.
You are immune to rotting.


Message History

Things that are here:
a +0 club; 21 stones; a gnoll corpse You slash the gnoll!
You kill the gnoll!
Trog accepts your kill. The gnoll barely misses you.
The gnoll hits you but does no damage.
Things that are here:
a +0 spear; a gnoll corpse You closely miss the gnoll.
The gnoll hits you with a +0 spear.
* * * LOW HITPOINT WARNING * * *
You slash the gnoll!
The gnoll is almost dead.
You are no longer berserk.
You are exhausted.
You feel yourself slow down.
You closely miss the gnoll.
The gnoll is almost dead.
The gnoll completely misses you. The gnoll hits you with a +0 spear.
You die...

# #.#### #.g@.#
####)#######
#.)..>...#
#..#####.# #..#
###.### #..#
#.....#
#..###.....##
##..##..........
#...........###.


You could see a gnoll.

Vanquished Creatures
  3 gnolls (D:3)
  An adder (D:3)
  2 worms
  3 dart slugs
  A leopard gecko (D:2)
  5 bats
  3 giant cockroaches
  9 goblins
  5 hobgoblins
  6 jackals
  2 quokkas
  3 ball pythons
  3 frilled lizards
  6 kobolds
  4 rats
56 creatures vanquished.

Notes
Turn   | Place    | Note
-------+----------+-------------------------------------------
     0 | D:1      | Fang the Gargoyle Berserker began the quest for the Orb.
     0 | D:1      | Reached XP level 1. HP: 14/14 MP: 1/1
    58 | D:1      | Reached XP level 2. HP: 11/19 MP: 2/2
   310 | D:1      | Reached XP level 3. HP: 20/23 MP: 3/3
   745 | D:2      | Reached ** piety under Trog
   853 | D:2      | Found a faded altar of an unknown god.
  1437 | D:3      | Reached XP level 4. HP: 29/29 MP: 4/4
  1469 | D:3      | Found a snail-covered altar of Cheibriados.
  1563 | D:3      | Reached skill level 4 in Fighting
  1578 | D:3      | Slain by a gnoll

Skill      XL: |  1  2  3  4 |
---------------+-------------+-----
Axes           | 3 |  3.3
Dodging        | 2 |  2.3
Armour         | 3 |  3.2
Fighting       | 4 |  4.1

Action                   |  1- 3 |  4- 6 || total
-------------------------+-------+-------++-------
Melee: Hand axe          |   160 |    56 ||   216
Invok: Berserk           |     1 |     1 ||     2
  Eat: Chunk             |     3 |       ||     3
Armor: Animal skin       |    57 |    14 ||    71
Dodge: Dodged            |    99 |    40 ||   139
